 Dungeon Crawl Stone Soup version 0.31.0-9-g3a7656b989 (webtiles) character file.

Game seed: 2758857924790081011

558 sarkald the Ruffian (level 7, -4/55 HPs)
             Began as a Troll Alchemist on Feb 5, 2024.
             Was a Believer of Hepliaklqana.
             Slain by a gnoll
             ... wielding a +0 halberd
              (6 damage)
             ... while paralysed by a hornet
             ... on level 6 of the Dungeon.
             The game lasted 00:31:02 (5903 turns).

sarkald the Ruffian (Troll Alchemist)               Turns: 5903, Time: 00:31:02

Health: -4/55      AC:  5    Str: 15    XL:     7   Next: 9%
Magic:  8/8        EV:  1    Int: 21    God:    Hepliaklqana [**....]
Gold:   215        SH:  0    Dex:  8    Spells: 9/9 levels left

rFire   . . .        p - +4 spear
rCold   . . .        (no shield)
rNeg    . . .        a - +1 robe
rPois   .            (helmet restricted)
rElec   .            (no cloak)
rCorr   .            (gloves unavailable)
SInv    .            (boots unavailable)
Will    .....        o - amulet of reflection
Stlth   ++           (no ring)
HPRegen 1.09/turn    (no ring)
MPRegen 0.11/turn

%: reflection
@: paralysed, slowed
A: reduced essence, large, unfitting armour, claws 3, regeneration 1, shaggy fur
1, tough skin 1, clever 2, inability to read after injury 1
a: Renounce Religion, Recall Ancestor, Ancestor Identity


You were on level 6 of the Dungeon.
You worshipped Hepliaklqana.
Hepliaklqana was pleased with you.
You visited 2 branches of the dungeon, and saw 7 of its levels.

You collected 215 gold pieces.

Inventory:

Hand Weapons
 n - a +2 heavy spear
 p - a +4 spear (weapon)
Missiles
 e - a throwing net (quivered)
Armour
 a - a +1 robe (worn)
 h - a +0 ring mail
Jewellery
 l - an amulet of the acrobat
 o - an amulet of reflection (around neck)
Wands
 s - a wand of paralysis (2)
Scrolls
 j - a scroll of teleportation
 k - a scroll of immolation
 m - a scroll of blinking
 q - a scroll of revelation
 t - a scroll of identify
Potions
 b - a potion of magic
 c - 3 potions of heal wounds
 d - a potion of ambrosia
 f - 2 potions of curing
 g - a potion of lignification
 i - a potion of invisibility
 r - a potion of haste


   Skills:
 + Level 1.3 Fighting
 + Level 0.6 Polearms
 + Level 3.3 Dodging
 + Level 1.8 Stealth
 + Level 3.8 Unarmed Combat
 + Level 1.9 Spellcasting
 + Level 1.3 Conjurations
 + Level 2.7 Alchemy


You had 9 spell levels left.
You didn't know any spells.
Your spell library contained the following spells:

 Spells                   Type           Power      Damage    Failure   Level
 Sting                    Conj/Alch      40%        1d5       6%          1
 Kiss of Death            Conj/Necr      16%        2d6       12%         1
 Mercury Vapours          Alch/Air       14%        N/A       13%         2
 Freeze                   Ice            8%         1d3       16%         1
 Jinxbite                 Hex            4%         N/A       22%         2
 Mephitic Cloud           Conj/Alch/Air  7%         N/A       26%         3
 Hailstorm                Conj/Ice       4%         3d5       34%         3
 Confusing Touch          Hex            2%         N/A       41%         3
 Frozen Ramparts          Ice            4%         1d1       41%         3
 Olgreb's Toxic Radiance  Alch           13%        N/A       43%         4
 Sticky Flame             Fire/Alch      7%         2d4       63%         4
 Brom's Barrelling Bould  Conj/Erth      4%         2d3       75%         4
 Dispel Undead            Necr           2%         3d7       83%         4
 Yara's Violent Unravell  Hex/Alch       3%         3d4       93%         5
 Borgnjor's Vile Clutch   Necr/Erth      1%         N/A       99%         5
 Conjure Ball Lightning   Conj/Air       2%         3x3d6     100%        6
 Enfeeble                 Hex            1%         N/A       100%        7


Dungeon Overview and Level Annotations

Branches:
Dungeon (6/15)             Temple (1/1) D:5

Altars:
Cheibriados
Dithmenos
Fedhas
Hepliaklqana
Nemelex Xobeh
Okawaru
Qazlal
Sif Muna
Trog
Uskayaw
Vehumet
Xom
Yredelemnul
Zin
The Shining One


Innate Abilities, Weirdness & Mutations

Your life essence is reduced to manifest your ancestor. (-10% HP)
You are too large for most types of armour.
You have claws for hands.
Your natural rate of healing is unusually fast.
You are covered in fur. (AC +1)
You have tough skin. (AC +1)
Your mind is very acute. (Int +8, Str/Dex -2)
You occasionally lose the ability to read scrolls when taking damage.


Message History

The gnoll barely misses Anderson.
Anderson blocks the sleepcap's attack.
Anderson barely misses the hornet.
The gnoll hits Anderson with a +0 halberd!
The gnoll closely misses Anderson.
Anderson blocks the sleepcap's attack.
The gnoll hits Anderson with a +0 halberd!
Anderson is destroyed!
You hit the hornet.
The hornet is heavily wounded.
You block the hornet's attack.
You hit the hornet.
The hornet is heavily wounded.
The hornet stings you.
You feel yourself slow down. The hornet misses you.
You closely miss the hornet.
The hornet is heavily wounded.
The hornet completely misses you. You block the hornet's attack.
The gnoll hits you from afar with a +0 spear!
You barely miss the hornet.
The hornet is heavily wounded.
You feel yourself speed up. The hornet stings you!
You feel yourself slow down. You block the hornet's attack.
The gnoll hits you from afar with a +0 spear.
The gnoll hits you from afar with a +0 halberd.
The hornet stings you!
* * * LOW HITPOINT WARNING * * *
You feel as though you will be slow longer.
An adder comes into view.
The hornet attacks as it pursues you! You block the hornet's attack.
The hornet stings you.
* * * LOW HITPOINT WARNING * * *
You suddenly lose the ability to move!
The hornet stings you.
* * * LOW HITPOINT WARNING * * *
You feel as though you will be slow longer.
The gnoll completely misses you. The sleepcap releases spores at you.
* * * LOW HITPOINT WARNING * * *
You are engulfed in a cloud of soporific spores!
You can't fall asleep in your current state!
The gnoll hits you from afar with a +0 halberd.
You die...

#.........
##.........
#..........
#........
#.........
#.........
#ggg......
#yf.......
#@........
#.........
#..........
#..........
#..........
#....S.....
#..........
#..........
###..........


You could see a hornet, a sleepcap, 3 gnolls and an adder (wandering).

Vanquished Creatures
  An ogre (D:5)
  3 crimson imps (D:4)
  A jelly (D:5)
  A gnoll bouda (D:4)
  A sleepcap (D:3)
  Robin (D:3)
  An adder (D:2)
  7 gnolls
  An ufetubus (D:5)
  3 dart slugs
  A ribbon worm (D:3)
  4 orcs
  4 ball pythons
  7 endoplasms
  A giant cockroach (D:2)
  10 goblins
  7 hobgoblins
  4 jackals (D:2)
  2 quokkas (D:1)
  3 bats
  3 frilled lizards
  4 kobolds
  4 rats
74 creatures vanquished.

Vanquished Creatures (collateral kills)
  A crimson imp (D:4)
  A jelly (D:3)
  A sleepcap (D:5)
  An ufetubus (D:5)
  A dart slug (D:4)
  2 orcs (D:4)
  An endoplasm (D:3)
  4 goblins
  3 hobgoblins
  2 bats (D:3)
17 creatures vanquished.

Vanquished Creatures (others)
  A knight (D:6)
  An ancestor (D:4)
2 creatures vanquished.

Grand Total: 93 creatures vanquished

Notes
Turn   | Place    | Note
-------+----------+-------------------------------------------
     0 | D:1      | sarkald the Troll Alchemist began the quest for the Orb.
     0 | D:1      | Reached XP level 1. HP: 16/16 MP: 1/1
   141 | D:1      | Reached XP level 2. HP: 24/24 MP: 0/3
   829 | D:1      | Reached XP level 3. HP: 31/31 MP: 2/4
  1960 | D:2      | Reached skill level 1 in Unarmed Combat
  2128 | D:2      | Found a faded altar of an unknown god.
  2968 | D:2      | Prayed at the altar of an unknown god.
  2968 | D:2      | Became a worshipper of Hepliaklqana the Forgotten
  2968 | D:2      | Reached * piety under Hepliaklqana
  3086 | D:3      | Noticed Robin
  3158 | D:3      | Found Weist's Antique Weapon Shoppe.
  3189 | D:3      | Reached XP level 4. HP: 35/35 MP: 3/5
  3308 | D:3      | Got the Compilation of Violent Zombies
  3463 | D:3      | Reached XP level 5. HP: 37/40 MP: 6/6
  3476 | D:3      | Killed Robin
  3886 | D:4      | Reached ** piety under Hepliaklqana
  3944 | D:4      | Reached skill level 1 in Conjurations
  4105 | D:4      | Found a shimmering altar of Xom.
  4115 | D:4      | Reached XP level 6. HP: 48/48 MP: 5/7
  4341 | D:4      | Reached skill level 1 in Fighting
  5144 | D:4      | Gained mutation: Your magical capacity is low. (-10% MP)
                  | [potion of mutation]
  5147 | D:4      | Lost mutation: Your magical capacity is low. (-10% MP)
                  | [potion of mutation]
  5147 | D:4      | Gained mutation: Your mind is acute. (Int +4, Str/Dex -1)
                  | [potion of mutation]
  5147 | D:4      | Gained mutation: You occasionally lose the ability to read
                  | scrolls when taking damage. [potion of mutation]
  5147 | D:4      | Gained mutation: Your mind is very acute. (Int +8, Str/Dex
                  | -2) [potion of mutation]
  5155 | D:4      | Remembered your ancestor Anderson as a knight
  5162 | D:5      | Entered Level 5 of the Dungeon
  5165 | D:5      | Found a staircase to the Ecumenical Temple.
  5178 | Temple   | Entered the Ecumenical Temple
  5460 | D:5      | Found a snail-covered altar of Cheibriados.
  5585 | D:5      | Reached XP level 7. HP: 49/55 MP: 8/8
  5888 | D:6      | Noticed a hornet
  5902 | D:6      | Paralysed by a hornet for 3 turns
  5903 | D:6      | HP: 2/55 [sleepcap (3)]
  5903 | D:6      | Slain by a gnoll

Illustrated notes

Levels and vault maps discovered:
D:1:      eino_arrival_water_star, layout_basic, st_stairs_12
D:2:      layout_basic, hellmonk_ecumenical_altar_pennies_from_heaven,
          patterned_corridor
D:3:      layout_rooms, serial_shops,
          nicolae_shop_temple_entry_statues_fountains, uniq_robin
D:4:      layout_cave_pods, led_xom_imps, portal_sewer_entry_e
D:5:      layout_gridville, cheibriados_altar_1, minmay_temple_entry_ruins,
          chequers_jeans
D:6:      layout_basic, mainiacjoe_overflow_brackets, ebering_ghost_xom
Temple:   nicolae_temple_ecumenical_triangle

Skill      XL: |  1  2  3  4  5  6 |
---------------+-------------------+-----
Dodging        | 2 3 |  3.3
Unarmed Combat | 1 2 3 |  3.8
Conjurations   | 1 |  1.3
Fighting       | 1 |  1.3
Polearms       | |  0.6
Stealth        | |  1.8
Spellcasting   | |  1.9
Alchemy        | |  2.7

Action                     |  1- 3 |  4- 6 |  7- 9 || total
---------------------------+-------+-------+-------++-------
  Melee: Unarmed           |    77 |    88 |     7 ||   172
         Spear             |       |    12 |     8 ||    20
         Punch             |       |     2 |     2 ||     4
   Cast: Sting             |    26 |    11 |       ||    37
 Invoke: Ancestor Life: Kn |       |     1 |       ||     1
         Ancestor Identity |       |     1 |       ||     1
    Use: Scroll            |     6 |     6 |     3 ||    15
         Potion            |       |     5 |       ||     5
   Stab: Sleeping          |     2 |       |       ||     2
         Held in net/web   |       |       |     1 ||     1
 Armour: Robe              |    56 |    90 |    18 ||   164
  Dodge: Dodged            |    36 |    67 |     6 ||   109
  Block: Other             |       |     1 |     5 ||     6
         Reflection        |       |       |     1 ||     1
